 Dungeon Crawl Stone Soup version 0.21-a0-196-g6a663c0 (webtiles) character file.

489572 Alarkh the Severer (level 23, 0/179 HPs)
             Began as a Demonspawn Monk on Aug 6, 2017.
             Was the Champion of Okawaru.
             Slain by a yaktaur captain (5 damage)
             ... on level 5 of the Depths on Aug 15, 2017.
             The game lasted 02:25:26 (56962 turns).

Alarkh the Severer (Demonspawn Monk)               Turns: 56962, Time: 02:25:28

Health: 0/179      AC: 18    Str: 15      XL:     23   Next: 85%
Magic:  48/48      EV: 23    Int: 17 (19) God:    Okawaru [******]
Gold:   3536       SH:  0    Dex: 22 (23) Spells: 34/47 levels left

rFire    + + +     SeeInvis +   a - +10 battleaxe of Polah {chop, rN+}
rCold    + . .     Gourm    .   (shield currently unavailable)
rNeg     + . .     Faith    .   i - +4 fire dragon scales
rPois    .         Spirit   .   (helmet unavailable)
rElec    +         Reflect  .   k - +1 cloak of Starlight {rElec rC+ EV+4 Stlth--}
rCorr    +         Harm     .   K - +3 pair of gloves of Least Resistance {Int+4 Dex+4 Stlth+}
MR       ++...                  C - +0 pair of boots of Starshine {rCorr}
Stlth    +++++.....             m - amulet "Megaroukh" {Regen+ MP+9}
HPRegen  1.19/turn              l - ring of Xelumayhi {+Fly MR+ Slay+3 SInv}
MPRegen  0.31/turn              z - ring of Wauf {rC+ Slay+5}

@: corroded
A: horns 3, talons 1, thin metallic scales 3, agile 1, blink, blurry vision 1,
deterioration 2, dopey 2, fire resistance 1, nightstalker 3, powered by death 3,
regeneration 1, shaggy fur 1, electricity resistance, strong 1, flame cloud
immunity
}: 2/15 runes: barnacled, gossamer
a: Blink, Heroism, Finesse, Renounce Religion, Evoke Flight


You were on level 5 of the Depths.
You worshipped Okawaru.
Okawaru was exalted by your worship.
You were not hungry.

You visited 9 branches of the dungeon, and saw 44 of its levels.
You visited 2 bazaars.
You also visited: Labyrinth, Trove and Ossuary.

You collected 6269 gold pieces.
You spent 2733 gold pieces at shops.

Inventory:

Hand Weapons
 a - the +10 battleaxe of Polah (weapon) {chop, rN+}
   (Okawaru gifted it to you on level 3 of the Spider Nest)

   It inflicts extra damage upon your enemies.
   It protects you from negative energy.
 b - a +1 battleaxe of distortion
 n - a +2 executioner's axe of venom
 x - the +4 arc blade {discharge, rElec}
   (You found it on level 2 of the Depths)

   It insulates you from electricity.
 H - a +5 double sword of flaming
 J - a +3 battleaxe of venom
Armour
 d - the +1 robe of Buzxeyzu {rCorr Slay+6}
   (You found it on level 1 of the Depths)

   It affects your accuracy and damage with ranged weapons and melee attacks
   (+6).
   It protects you from acid and corrosion.
 i - +4 fire dragon scales (worn)
 k - the +1 cloak of Starlight (worn) {rElec rC+ EV+4 Stlth--}
   (You bought it in a shop in a bazaar)

   It affects your evasion (+4).
   It protects you from cold.
   It insulates you from electricity.
   It makes you much less stealthy.
 p - a scarf of cloud immunity
 s - a +0 troll leather armour
 u - a +0 troll leather armour
 C - the +0 pair of boots of Starshine (worn) {rCorr}
   (Okawaru gifted it to you on level 2 of the Vaults)

   It protects you from acid and corrosion.
 K - the +3 pair of gloves of Least Resistance (worn) {Int+4 Dex+4 Stlth+}
   (You took it off Nikola on level 3 of the Spider Nest)

   It affects your intelligence (+4).
   It affects your dexterity (+4).
   It makes you more stealthy.
Magical Staves
 f - an uncursed staff of earth
Jewellery
 l - the ring of Xelumayhi (left hand) {+Fly MR+ Slay+3 SInv}
   (You acquired it on level 12 of the Dungeon)

   [ring of flight]

   It affects your accuracy and damage with ranged weapons and melee attacks
   (+3).
   It affects your resistance to hostile enchantments.
   It lets you see invisible.
   It lets you fly.
 m - the amulet "Megaroukh" (around neck) {Regen+ MP+9}
   (You acquired it on level 12 of the Dungeon)

   [amulet of regeneration]

   It affects your magic capacity (+9).
   It increases your rate of regeneration.
 z - the ring of Wauf (right hand) {rC+ Slay+5}
   (You found it on level 7 of the Dungeon)

   [ring of protection from cold]

   It affects your accuracy and damage with ranged weapons and melee attacks
   (+5).
   It protects you from cold.
 G - an uncursed ring of ice
Wands
 S - a wand of digging (10/24)
Scrolls
 c - 12 scrolls of recharging
 e - 11 scrolls of identify
 g - 11 scrolls of remove curse
 h - 8 scrolls of magic mapping
 o - 6 scrolls of blinking
 t - 22 scrolls of teleportation
 U - 3 scrolls of fear
Potions
 j - 4 potions of heal wounds
 q - 4 potions of agility
 r - 2 potions of flight
 w - 11 potions of might
 A - 12 potions of curing
 Q - 3 potions of haste
Books
 y - a book of Air

   Spells                             Type                      Level
   a - Shock                          Conjuration/Air              1
   b - Swiftness                      Charms/Air                   2
   c - Static Discharge               Conjuration/Air              3
   d - Airstrike                      Air                          4
   e - Lightning Bolt                 Conjuration/Air              5
 E - a book of Necromancy

   Spells                             Type                      Level
   a - Pain                           Necromancy                   1
   b - Animate Skeleton               Necromancy                   1
   c - Vampiric Draining              Necromancy                   3
   d - Regeneration                   Charms/Necromancy            3
   e - Animate Dead                   Necromancy                   4
   f - Control Undead                 Necromancy                   4
Miscellaneous
 M - a phantom mirror
Comestibles
 v - 7 bread rations
 B - 7 fruits
 D - 2 meat rations
 F - 2 royal jellies
 I - 16 chunks of flesh


   Skills:
 - Level 14.5 Fighting
 - Level 20.0 Axes
 - Level 13.5 Armour
 - Level 13.3 Dodging
 - Level 9.3 Stealth
 * Level 12.7 Spellcasting
 * Level 13.6 Conjurations
 * Level 13.6 Summonings
 * Level 12.7 Earth Magic
 - Level 10.0 Invocations


You had 34 spell levels left.
You knew the following spells:

 Your Spells              Type           Power        Failure   Level  Hunger
a - Spellforged Servitor  Conj/Summ      ######....   54%         7    #######
b - Iron Shot             Conj/Erth      ######....   14%         6    ######.


Dungeon Overview and Level Annotations

Branches:
Dungeon (15/15)            Temple (1/1) D:4            Lair (6/6) D:9
 Shoals (4/4) Lair:4       Spider (4/4) Lair:3        Slime (0/5) Lair:5
    Orc (2/2) D:9             Elf (3/3) Orc:2        Vaults (4/5) D:13
  Crypt (0/3) Vaults:3     Depths (5/5) D:15
    Zot: Depths:5

Altars:
Ashenzari
Cheibriados
Dithmenos
Elyvilon
Fedhas
Gozag
Hepliaklqana
Kikubaaqudgha
Makhleb
Nemelex Xobeh
Okawaru
Qazlal
Ru
Sif Muna
Trog
Uskayaw
Vehumet
Wu Jian
Xom
Yredelemnul
Zin
The Shining One
Beogh
Jiyva

Shops:
D:4 ((   D:8 *   D:9 *   D:14 (   Orc:2 ((:[!   Shoals:2 [   Shoals:4 %(=}
Vaults:3 ?(   Vaults:4 [   Depths:4 [(

Portals:
Hell: Depths:1 Depths:2 Depths:3 Depths:4
Abyss: Depths:1 Depths:3 Depths:4
Pandemonium: Depths:3
Ziggurat: Depths:1


Innate Abilities, Weirdness & Mutations

You have a pair of large horns on your head.
You are completely covered in thin metallic scales. (AC +4, rElec)
Your flesh is heat resistant. (rF+)
You are completely attuned to the shadows.
You regenerate a lot of health from kills.
You are immune to clouds of flame.
You have sharp toenails.
You are agile. (Dex +2)
You can translocate small distances at will.
Scrolls take you a little longer to read.
Your body often deteriorates upon taking damage.
You are very dopey. (Int -4)
Your natural rate of healing is unusually fast.
You are covered in fur. (AC +1)
You are resistant to electric shocks. (rElec)
Your muscles are strong. (Str +2)


Message History

The spriggan berserker invokes Trog's protection!
You begin reading the scroll.
You continue reading the scroll.
The caustic shrike claws you but does no damage.
The caustic shrike claws you!!
You are splashed with acid!
The acid burns!
The caustic shrike claws you but does no damage.
The caustic shrike claws you!
* * * LOW HITPOINT WARNING * * *
You are splashed with acid!
The acid burns!
* * * LOW HITPOINT WARNING * * *
The caustic shrike claws you!
* * * LOW HITPOINT WARNING * * *
The acid corrodes you!
You are splashed with acid!
The acid burns!
* * * LOW HITPOINT WARNING * * *
The caustic shrike claws you!!
* * * LOW HITPOINT WARNING * * *
Your body deteriorates!
You feel dopey.
You are splashed with acid!
The acid burns!
* * * LOW HITPOINT WARNING * * *
The yaktaur captain hits you.
You die...

.##.#..#..#.#....#/.
....)..............
.#.##.#.........)..#.. .
.....................
#.#.##...##..##.#...#.#
##.#.##..........#...#.#
............[.........
#.#.###.#+#..........
#.#.# #...b@y......
#.#.# ...bbcy.....
#)#.###..i.i.....
##........h...<...
#.......i........
#####....# #..<.+ #....#
#....#


You could see 3 caustic shrikes, a yaktaur captain, 2 spriggan defenders, 2
spark wasps, a spriggan berserker and a polar bear (berserk).

Vanquished Creatures
  2 ancient liches (Depths:4)
  Mara (Spider:3)
  Saint Roka (Depths:2)
  Arachne (Spider:3)
  Nikola (Spider:3)
  A tentacled monstrosity (Vaults:1)
  Jorgrun (Vaults:3)
  Rupert (D:12)
  3 deep elf blademasters
  Asterion (Vaults:1)
  6 liches
  2 deep elf master archers (Elf:3)
  2 sphinxes
  An ancient champion (Vaults:3)
  Polyphemus (Shoals:2)
  Agnes (Spider:3)
  A storm dragon (Depths:2)
  2 tengu reavers
  6 frost giants
  3 fire giants
  Ilsuiw (Shoals:4)
  12 deep elf sorcerers
  7 vault wardens
  4 emperor scorpions
  A curse skull (Depths:4)
  5 ghost moths
  A draconian shifter (Depths:4)
  A caustic shrike zombie (Depths:3)
  A spriggan defender (Depths:3)
  4 draconian annihilators (Depths:4)
  A vampire knight (Depths:4)
  2 deep elf elementalists (Elf:3)
  11 ironheart preservers
  15 very ugly things
  16 stone giants
  7 entropy weavers
  A dire elephant (Lair:6)
  3 deep elf demonologists
  9 deep elf annihilators
  7 ettins
  7 spark wasps
  8 merfolk javelineers
  5 deep elf death magi
  A minotaur (Lab)
  Josephine (Lair:6)
  A crystal guardian (Vaults:2)
  8 yaktaur captains
  2 deep elf high priests (Elf:3)
  12 fire dragons
  6 merfolk impalers (Shoals:4)
  3 great orbs of eyes
  2 rakshasas
  9 vault guards
  Erolcha (Orc:2)
  8 centaur warriors
  10 ice dragons
  A catoblepas (Lair:6)
  2 hydras
  68 two-headed ogres
  A death knight (Vaults:2)
  A merfolk avatar (Shoals:3)
  3 alligator snapping turtles (Shoals:4)
  3 spriggan air magi
  5 deep troll shamans
  7 merfolk aquamancers
  12 tengu warriors
  A satyr (Shoals:4)
  25 dancing weapons
  20 ogre magi
  4 deep troll earth magi
  18 death yaks
  A vampire mage (Depths:2)
  Urug (D:12)
  4 spriggan berserkers
  10 hell knights
  A storm dragon zombie (Vaults:3)
  17 deep elf knights
  2 iron trolls (Depths:2)
  Sonja (D:12)
  Nergalle (D:12)
  4 skeletal warriors
  8 soul eaters (Depths:4)
  A small abomination (Elf:3)
  A large abomination (Elf:3)
  A shadow wraith (Vaults:3)
  3 sixfirhies
  2 glowing orange brains
  3 unseen horrors
  19 deep trolls
  A swamp dragon (shapeshifter) (Depths:4)
  12 sea snakes
  A flayed ghost (Depths:3)
  An infernal demonspawn (Depths:3)
  A lindwurm (Lair:6)
  A phantasmal warrior (Vaults:3)
  13 deep elf archers
  5 wizards
  11 ironbrand convokers
  An orange crystal statue (Vaults:4)
  25 harpies
  Pikel (D:7)
  9 necromancers
  63 deep elf magi
  An iron dragon zombie (Depths:3)
  22 orb spiders
  2 wolf spider zombies (D:14)
  13 orc knights
  34 wolf spiders
  11 fauns
  A sphinx skeleton (Depths:3)
  47 ugly things
  2 stone giant zombies
  13 orc sorcerers
  A tengu skeleton (Vaults:4)
  2 shining eyes (Depths:1)
  11 cyclopes
  5 moths of wrath
  A fire giant zombie (Depths:3)
  A salamander (Depths:2)
  19 merfolk sirens
  13 manticores
  A rust devil (Depths:3)
  3 elephants (Lair:6)
  3 black mambas
  Joseph (D:7)
  A fire giant skeleton (Vaults:2)
  8 water nymphs
  A stone giant skeleton (Vaults:3)
  9 spiny frogs
  An eye of devastation (shapeshifter) (Vaults:2)
  13 vault sentinels
  3 centaur zombies
  A gargoyle (D:15)
  2 torpor snails
  A kobold demonologist (D:14)
  A yaktaur zombie (Vaults:2)
  9 rime drakes
  A hellion (Depths:3)
  35 yaktaurs
  9 komodo dragons
  A freezing wraith (Vaults:3)
  2 efreet (D:15)
  17 demonic crawlers
  A komodo dragon (shapeshifter) (Elf:1)
  A minotaur zombie (Lab)
  34 jumping spiders
  21 merfolk
  10 trolls
  8 wind drakes
  3 tengu conjurers
  3 polar bears
  A silent spectre (Depths:4)
  A tengu simulacrum (Vaults:3)
  18 hornets
  2 meliai (shapeshifter)
  A wind drake (shapeshifter) (Vaults:1)
  Grinder (D:6)
  22 slime creatures
  3 raiju (Depths:2)
  2 meliai zombies
  10 hippogriffs
  15 blink frogs
  9 snapping turtles
  The ghost of seren the Insei, an amateur OpTm (D:5)
  26 dream sheep
  6 air elementals
  4 shadows
  33 tarantellas
  105 redbacks
  3 spriggans
  19 water elementals
  An ettin skeleton (Vaults:4)
  2 fire elementals (Elf:2)
  39 yaks
  5 wyverns
  10 wraiths
  5 basilisks
  A neqoxec (Depths:3)
  2 hungry ghosts
  6 wargs
  8 vampire mosquitoes
  Menkaure (D:4)
  10 steam dragons
  A tengu zombie (Depths:1)
  2 insubstantial wisps (D:11)
  An acid dragon (D:14)
  Duvessa (D:6)
  16 water moccasins
  2 floating eyes (Depths:1)
  2 porcupines
  6 ice beasts
  7 sky beasts
  A swamp drake (D:9)
  2 black bears (shapeshifter)
  An ettin simulacrum (Vaults:1)
  2 eyes of draining (shapeshifter)
  37 orc warriors
  An eye of draining (D:13)
  12 boggarts
  52 ogres
  4 phantoms
  4 slaves (D:7)
  2 black bears
  A hornet zombie (D:9)
  A necrophage (D:12)
  14 wolves
  27 centaurs
  14 crocodiles
  3 elf simulacra
  3 big kobolds
  4 elf zombies
  22 bullfrogs
  A glowing shapeshifter simulacrum (Vaults:3)
  2 gnoll sergeants
  2 elf skeletons
  An ogre simulacrum (Vaults:1)
  3 earth elementals
  2 scorpions
  Dowan (D:6)
  11 killer bees
  2 electric eels
  3 howler monkeys
  9 crimson imps
  2 human zombies
  An iron imp (Depths:3)
  3 bullfrog zombies
  4 centaur skeletons
  10 hounds
  4 jellies (D:8)
  16 orc priests
  36 orc wizards
  Jessica (D:3)
  2 human skeletons
  4 iguanas
  10 worker ants
  2 mummies (Ossuary)
  4 worker ant zombies
  A howler monkey skeleton (D:10)
  11 adders
  13 gnolls
  5 shadow imps
  A white imp (Vaults:1)
  5 oozes (D:8)
  A worm (D:2)
  2 adder skeletons (D:4)
  3 dart slugs
  2 leopard geckos
  119 orcs
  3 bats
  6 giant cockroaches
  3 gnoll zombies (Ossuary)
  10 goblins
  9 hobgoblins
  23 jackals
  14 kobolds
  6 quokkas
  2 ball pythons
  A ball python skeleton (D:4)
  4 frilled lizards
  5 goblin zombies (Ossuary)
  3 hobgoblin zombies (Ossuary)
  A jackal skeleton (D:7)
  A leopard gecko zombie (D:6)
  2 orc skeletons (D:4)
  2 orc zombies
  2 quokka skeletons
  14 rats
  A bush (Lair:6)
  2 crawling corpses (Elf:3)
  2 fungi (Lair:3)
  12 plants
2074 creatures vanquished.

Vanquished Creatures (others)
  A deep elf blademaster (Elf:3)
  Aizul (Spider:3)
  A deep elf demonologist (Elf:1)
  A deep elf high priest (Elf:3)
  A catoblepas (Shoals:2)
  A deep elf knight (Elf:1)
  A deep elf archer (Elf:1)
  An orb spider (Spider:4)
  A deep elf mage (Elf:3)
  A wolf spider (Spider:4)
  A redback (Spider:1)
  A human (Depths:4)
  A sky beast (D:11)
  A boggart (Depths:1)
  An ogre (Depths:2)
  A hound skeleton (D:6)
  A ball python (D:6)
  A bush (Lair:6)
  4 fungi
  14 plants
36 creatures vanquished.

Grand Total: 2110 creatures vanquished

Notes
Turn   | Place    | Note
-------+----------+-------------------------------------------
     0 | D:1      | Alarkh the Demonspawn Monk began the quest for the Orb.
     0 | D:1      | Reached XP level 1. HP: 18/18 MP: 1/1
   216 | D:1      | Reached skill level 3 in Axes
   284 | D:1      | Gained mutation: You are slightly more attuned to the shadows. [demonic ancestry]
   284 | D:1      | Reached XP level 2. HP: 22/24 MP: 2/2
  1165 | D:1      | HP: 1/24 [kobold/short sword (3)]
  1651 | D:1      | Gained mutation: You are significantly more attuned to the shadows. [demonic ancestry]
  1651 | D:1      | Reached XP level 3. HP: 25/29 MP: 3/3
  2052 | D:2      | Reached skill level 4 in Axes
  3031 | D:3      | Noticed Jessica
  3039 | D:3      | Killed Jessica
  3039 | D:3      | Reached XP level 4. HP: 33/35 MP: 4/4
  3373 | D:3      | Found a glowing silver altar of Zin.
  3646 | D:4      | Found Melun's Antique Weapon Shoppe.
  3748 | D:4      | Reached skill level 5 in Axes
  3779 | D:4      | Noticed a phantom
  3811 | D:4      | Gained mutation: You have a pair of small horns on your head. [demonic ancestry]
  3811 | D:4      | Reached XP level 5. HP: 36/41 MP: 5/5
  3843 | D:4      | Found a sand-covered staircase.
  3905 | Ossuary  | Entered an ossuary
  4136 | Ossuary  | Reached skill level 6 in Axes
  4300 | Ossuary  | Reached XP level 6. HP: 35/47 MP: 6/6
  5406 | D:4      | Reached skill level 7 in Axes
  5544 | D:4      | Found a staircase to the Ecumenical Temple.
  5560 | Temple   | Entered the Ecumenical Temple
  6005 | D:4      | Gained mutation: You are partially covered in thin metallic scales. (AC +2) [demonic ancestry]
  6005 | D:4      | Reached XP level 7. HP: 28/52 MP: 7/7
  6865 | D:4      | Found Qotus's Antique Weapon Emporium.
  7031 | D:4      | Bought a runed battleaxe for 209 gold pieces
  7058 | D:4      | Noticed Menkaure
  7070 | D:4      | Killed Menkaure
  7070 | D:4      | Reached skill level 8 in Axes
  7448 | D:4      | Reached skill level 9 in Axes
  7448 | D:4      | Gained mutation: You are completely attuned to the shadows. [demonic ancestry]
  7448 | D:4      | Reached XP level 8. HP: 37/58 MP: 8/8
  7619 | D:4      | Upgraded the game from 0.21-a0-170-g0398fc9 to 0.21-a0-171-g0f4a3b6
  7630 | D:5      | Entered Level 5 of the Dungeon
  7632 | D:5      | Found a radiant altar of Vehumet.
  7653 | D:5      | Found an iron altar of Okawaru.
  7658 | D:5      | Became a worshipper of Warmaster Okawaru
  7658 | D:5      | Reached * piety under Okawaru
  7658 | D:5      | Reached ** piety under Okawaru
  7665 | D:5      | Noticed seren's ghost (amateur OpTm)
  7672 | D:5      | Killed seren's ghost
  8159 | D:5      | Reached skill level 10 in Axes
  8513 | D:6      | Reached *** piety under Okawaru
  8638 | D:6      | Noticed Dowan
  8641 | D:6      | Noticed Duvessa
  8642 | D:6      | Killed Dowan
  8652 | D:6      | Killed Duvessa
  8655 | D:6      | Reached skill level 11 in Axes
  8655 | D:6      | Reached XP level 9. HP: 52/63 MP: 7/9
  8715 | D:6      | Found a white marble altar of Elyvilon.
  8955 | D:6      | Noticed Grinder
  8958 | D:6      | Paralysed by Grinder for 2 turns
  8964 | D:6      | Killed Grinder
  9157 | D:7      | Got a steaming bone ring
  9159 | D:7      | Identified the ring of Wauf {rC+ Slay+5} (You found it on level 7 of the Dungeon)
  9181 | D:7      | Noticed Pikel
  9186 | D:7      | Killed Pikel
  9186 | D:7      | Reached **** piety under Okawaru
  9186 | D:7      | Reached skill level 12 in Axes
  9244 | D:7      | Noticed Joseph
  9248 | D:7      | Killed Joseph
  9486 | D:7      | Found a hazy altar of Hepliaklqana.
 10160 | D:7      | Found a shadowy altar of Dithmenos.
 10261 | D:8      | Found a stormy altar of Qazlal.
 10286 | D:8      | Reached skill level 13 in Axes
 10550 | D:8      | Gained mutation: You have a pair of horns on your head. [demonic ancestry]
 10550 | D:8      | Reached XP level 10. HP: 70/70 MP: 10/10
 10689 | D:8      | Found Caergh's Assorted Antiques.
 10694 | D:8      | Bought a scroll labeled NEGRO SEEFIU for 24 gold pieces
 10694 | D:8      | Bought a white potion for 21 gold pieces
 10796 | D:8      | Noticed a two-headed ogre
 10800 | D:8      | Killed a two-headed ogre
 11175 | D:8      | Noticed a two-headed ogre
 11179 | D:8      | Killed a two-headed ogre
 11179 | D:8      | Reached ***** piety under Okawaru
 11455 | D:8      | Reached skill level 14 in Axes
 11684 | D:8      | Noticed a two-headed ogre
 11690 | D:8      | Killed a two-headed ogre
 12166 | D:9      | Noticed a two-headed ogre
 12172 | D:9      | Killed a two-headed ogre
 12172 | D:9      | Reached skill level 15 in Axes
 12172 | D:9      | Gained mutation: You regenerate a little health from kills. [demonic ancestry]
 12172 | D:9      | Reached XP level 11. HP: 75/75 MP: 8/11
 12225 | D:9      | Found Con Kul's Changing Room.
 12377 | D:9      | Bought 2 mutagenic chunks of flesh for 2 gold pieces
 12377 | D:9      | Bought a mutagenic chunk of flesh for 1 gold piece
 12377 | D:9      | Bought a mutagenic chunk of flesh for 1 gold piece
 12377 | D:9      | Bought 3 mutagenic chunks of flesh for 3 gold pieces
 12377 | D:9      | Gained mutation: You are frail. (-10% HP) [mutagenic meat]
 12378 | D:9      | Gained mutation: You possess an exceptional clarity of mind. [mutagenic meat]
 12379 | D:9      | Lost mutation: You possess an exceptional clarity of mind. [mutagenic meat]
 12380 | D:9      | Gained mutation: Your body sometimes deteriorates upon taking damage. [mutagenic meat]
 12382 | D:9      | Gained mutation: You are weak. (Str -2) [mutagenic meat]
 12383 | D:9      | Gained mutation: You passively map a small area around you. [mutagenic meat]
 12384 | D:9      | Lost mutation: You are frail. (-10% HP) [potion of mutation]
 12384 | D:9      | Lost mutation: Your body sometimes deteriorates upon taking damage. [potion of mutation]
 12384 | D:9      | Lost mutation: You are weak. (Str -2) [potion of mutation]
 12384 | D:9      | Lost mutation: You passively map a small area around you. [potion of mutation]
 12384 | D:9      | Gained mutation: Your spells are a little harder to cast, but a little more powerful. [potion of mutation]
 12384 | D:9      | Gained mutation: Scrolls take you a little longer to read. [potion of mutation]
 12384 | D:9      | Gained mutation: You possess an exceptional clarity of mind. [potion of mutation]
 12384 | D:9      | Gained mutation: You have sharp toenails. [potion of mutation]
 12543 | D:9      | Found a staircase to the Orcish Mines.
 12662 | D:9      | Reached skill level 1 in Invocations
 12786 | D:9      | Found a staircase to the Lair.
 13032 | D:9      | Found a snail-covered altar of Cheibriados.
 13032 | D:9      | Found a bloodstained altar of Trog.
 13161 | D:9      | Noticed a two-headed ogre
 13464 | D:10     | Entered Level 10 of the Dungeon
 13470 | D:10     | Reached skill level 1 in Armour
 13928 | D:10     | Reached ****** piety under Okawaru
 14196 | D:10     | Killed a two-headed ogre
 14196 | D:10     | Received a gift from Okawaru
 14207 | D:10     | Noticed a two-headed ogre
 14213 | D:10     | Killed a two-headed ogre
 14986 | D:11     | Lost mutation: Your spells are a little harder to cast, but a little more powerful. [mutagenic meat]
 14987 | D:11     | Lost mutation: You possess an exceptional clarity of mind. [mutagenic meat]
 14988 | D:11     | Gained mutation: You are covered in fur. (AC +1) [mutagenic meat]
 14989 | D:11     | Gained mutation: Your flesh is heat resistant. (rF+) [mutagenic meat]
 14990 | D:11     | Lost mutation: You have sharp toenails. [mutagenic meat]
 14993 | D:11     | Gained mutation: Your mind is acute. (Int +2) [mutagenic meat]
 14994 | D:11     | Gained mutation: You have sharp toenails. [mutagenic meat]
 14995 | D:11     | Gained mutation: You can translocate small distances at will. [mutagenic meat]
 14996 | D:11     | Gained mutation: Your natural rate of healing is unusually fast. [mutagenic meat]
 15008 | D:11     | Gained mutation: You are resistant to electric shocks. (rElec) [mutagenic meat]
 15009 | D:11     | Lost mutation: Your mind is acute. (Int +2) [mutagenic meat]
 15010 | D:11     | Gained mutation: Your muscles are strong. (Str +2) [mutagenic meat]
 15128 | D:11     | Paralysed by a hornet for 2 turns
 15233 | D:11     | Reached skill level 5 in Invocations
 15291 | D:11     | Noticed a two-headed ogre
 15297 | D:11     | Killed a two-headed ogre
 15297 | D:11     | Reached skill level 5 in Fighting
 15297 | D:11     | Reached XP level 12. HP: 57/86 MP: 15/15
 15675 | D:12     | Noticed a centaur warrior
 15684 | D:12     | Killed a centaur warrior
 15684 | D:12     | Received a gift from Okawaru
 15693 | D:12     | Reached skill level 5 in Dodging
 15719 | D:12     | Noticed Urug
 15727 | D:12     | Killed Urug
 15930 | D:12     | Noticed a two-headed ogre
 15933 | D:12     | Found a labyrinth entrance.
 15933 | D:12     | Noticed Sonja
 15950 | D:12     | Killed a two-headed ogre
 15950 | D:12     | Reached skill level 16 in Axes
 15953 | D:12     | Killed Sonja
 15965 | Lab      | Entered a labyrinth
 16068 | Lab      | Noticed a minotaur
 16072 | Lab      | Killed a minotaur
 16082 | Lab      | Reached skill level 5 in Armour
 16101 | Lab      | Got a scorched chain mail
 16170 | D:12     | Received a gift from Okawaru
 16173 | D:12     | Got a steaming scale mail {god gift}
 16254 | D:12     | Found a gateway to a bazaar.
 16436 | D:12     | Noticed Nergalle
 16441 | D:12     | Killed Nergalle
 16507 | D:12     | Noticed Rupert
 16525 | D:12     | Identified the +0 scale mail "Akhoghif" {rN+} (Okawaru gifted it to you on level 12 of the Dungeon)
 16535 | D:12     | Identified the +8 chain mail of Fygemiot {rF+} (You found it in a labyrinth)
 16568 | D:12     | Killed Rupert
 16999 | Lair:1   | Entered Level 1 of the Lair of Beasts
 17086 | Lair:1   | Gained mutation: You regenerate health from kills. [demonic ancestry]
 17086 | Lair:1   | Reached XP level 13. HP: 94/94 MP: 18/18
 18887 | Lair:2   | You fall through a shaft!
 19074 | Lair:3   | Found a hole to the Spider Nest.
 20246 | Lair:4   | Found a staircase to the Shoals.
 20380 | Lair:4   | Received a gift from Okawaru
 21119 | Lair:5   | Found a staircase to the Slime Pits.
 21120 | Lair:5   | Found a viscous altar of Jiyva.
 21147 | Lair:5   | Reached skill level 17 in Axes
 21498 | Lair:5   | Received a gift from Okawaru
 21805 | Lair:5   | Gained mutation: You have a pair of large horns on your head. [demonic ancestry]
 21805 | Lair:5   | Reached XP level 14. HP: 98/104 MP: 19/21
 22257 | Lair:6   | Entered Level 6 of the Lair of Beasts
 22501 | Lair:6   | Noticed Josephine
 22510 | Lair:6   | Reached skill level 10 in Invocations
 22523 | Lair:6   | Killed Josephine
 22897 | Lair:6   | Received a gift from Okawaru
 24324 | Orc:1    | Entered Level 1 of the Orcish Mines
 24469 | Orc:2    | Entered Level 2 of the Orcish Mines
 24667 | Orc:2    | Reached skill level 18 in Axes
 24907 | Orc:2    | Found Ruoxax's Antique Weapon Boutique.
 24943 | Orc:2    | Found a staircase to the Elven Halls.
 25141 | Orc:2    | Found an ancient bone altar of Kikubaaqudgha.
 25201 | Orc:2    | Noticed Erolcha
 25211 | Orc:2    | Killed Erolcha
 25211 | Orc:2    | Reached XP level 15. HP: 113/113 MP: 14/22
 25304 | Orc:2    | Found a radiant altar of Vehumet.
 25345 | Orc:2    | Found Wegak's Antique Weapon Shop.
 25364 | Orc:2    | Found Yceo's Distillery.
 25369 | Orc:2    | Bought a potion of heal wounds for 90 gold pieces
 25369 | Orc:2    | Bought a potion of invisibility for 144 gold pieces
 25369 | Orc:2    | Bought a potion of agility for 72 gold pieces
 25369 | Orc:2    | Bought a potion of might for 72 gold pieces
 25399 | Orc:2    | Found a roughly hewn altar of Beogh.
 25402 | Orc:2    | Found Homigh's Antique Armour Shop.
 25428 | Orc:2    | Bought a glowing scarf for 160 gold pieces
 25428 | Orc:2    | Bought a runed cloak for 150 gold pieces
 25461 | Orc:2    | Found Qexaf's Book Boutique.
 25926 | Orc:2    | Upgraded the game from 0.21-a0-171-g0f4a3b6 to 0.21-a0-178-g0b87683
 26007 | D:8      | Bought a dazzling plate armour for 672 gold pieces
 26017 | D:8      | Identified the +0 plate armour of Calculation {rElec} (You bought it in a shop on level 8 of the Dungeon)
 26434 | D:13     | Found a blossoming altar of Fedhas.
 26574 | D:13     | Received a gift from Okawaru
 26754 | D:13     | Found a gate to the Vaults.
 26910 | D:14     | Found a shattered altar of Ashenzari.
 27020 | D:14     | Found Igin's Weapon Boutique.
 27479 | D:14     | Identified the Catalogue of Torrid Sinister Secrets
 27479 | D:14     | Identified the Guide on Creative Shape Shifting
 27714 | D:14     | Reached skill level 10 in Fighting
 28025 | D:15     | Entered Level 15 of the Dungeon
 28025 | D:15     | Found a basalt altar of Yredelemnul.
 28191 | D:15     | Received a gift from Okawaru
 28205 | D:15     | Got a steaming scale mail {god gift}
 28225 | D:15     | Identified the +0 scale mail of Greed {+Fly rN+ Int-5} (Okawaru gifted it to you on level 15 of the Dungeon)
 28237 | D:15     | Found a staircase to the Depths.
 29075 | Spider:1 | Entered Level 1 of the Spider Nest
 29295 | Spider:1 | Reached skill level 10 in Armour
 29307 | Spider:1 | Reached skill level 19 in Axes
 29473 | Spider:1 | Reached XP level 16. HP: 113/124 MP: 21/23
 30042 | Spider:1 | You fall through a shaft!
 30113 | Spider:2 | You fall through a shaft!
 30120 | Spider:3 | Received a gift from Okawaru
 30470 | Spider:2 | Reached skill level 10 in Dodging
 31045 | Spider:1 | Upgraded the game from 0.21-a0-178-g0b87683 to 0.21-a0-179-gd2bfb5f
 31553 | Spider:3 | Noticed Agnes
 31568 | Spider:3 | Killed Agnes
 31568 | Spider:3 | Received a gift from Okawaru
 31581 | Spider:3 | Noticed Mara
 31642 | Spider:3 | Got a pitted battleaxe {god gift}
 31643 | Spider:3 | Identified the +10 battleaxe of Polah {chop, rN+} (Okawaru gifted it to you on level 3 of the Spider Nest)
 31793 | Spider:3 | Noticed Aizul
 31836 | Spider:3 | Killed Aizul
 31842 | Spider:3 | Noticed Arachne
 32031 | Spider:3 | Noticed Nikola
 32037 | Spider:3 | Killed Nikola
 32039 | Spider:3 | Got a pair of smoking gloves
 32050 | Spider:3 | Identified the +3 pair of gloves of Least Resistance {Int+4 Dex+4 Stlth+} (You took it off Nikola on level 3 of the Spider Nest)
 32120 | Spider:3 | Received a gift from Okawaru
 32121 | Spider:3 | Got a steaming chain mail {god gift}
 32132 | Spider:3 | Identified the +8 chain mail of Intercession {Stlth+} (Okawaru gifted it to you on level 3 of the Spider Nest)
 32351 | Spider:3 | Identified 2 scrolls of acquirement
 32587 | Spider:3 | Killed Arachne
 32587 | Spider:3 | Gained mutation: You are mostly covered in thin metallic scales. (AC +3) [demonic ancestry]
 32587 | Spider:3 | Reached XP level 17. HP: 74/133 MP: 16/24
 32757 | Spider:3 | Killed Mara
 32900 | Spider:3 | Reached skill level 20 in Axes
 32935 | Spider:4 | Entered Level 4 of the Spider Nest
 33650 | Spider:4 | Got a steaming plate armour
 33661 | Spider:4 | Identified the +9 plate armour "Paifis" {rElec SInv} (You found it on level 4 of the Spider Nest)
 33713 | Spider:4 | Received a gift from Okawaru
 34082 | Spider:4 | Got a gossamer rune of Zot
 34772 | Bazaar   | Entered a bazaar
 34793 | Bazaar   | Found Ilumoic's General Store.
 34809 | Bazaar   | Found Estuf's Antique Armour Shop.
 34826 | Bazaar   | Found Meddol's Antique Weapon Shop.
 34847 | Bazaar   | Bought the +1 cloak of Starlight {rElec rC+ EV+4 Stlth--} for 1112 gold pieces
 34893 | D:12     | Got a faintly glowing emerald amulet
 34896 | D:12     | Identified the amulet "Megaroukh" {Regen+ MP+9} (You acquired it on level 12 of the Dungeon)
 34900 | D:12     | Got a sparkling pewter ring
 34902 | D:12     | Identified the ring of Xelumayhi {+Fly MR+ Slay+3 SInv} (You acquired it on level 12 of the Dungeon)
 35225 | Lair:3   | Learned a level 7 spell: Spellforged Servitor
 35232 | Lair:3   | Learned a level 6 spell: Iron Shot
 35234 | Lair:3   | Upgraded the game from 0.21-a0-179-gd2bfb5f to 0.21-a0-186-g02e8684
 35416 | Vaults:1 | Entered Level 1 of the Vaults
 35654 | Vaults:1 | Noticed Asterion
 35662 | Vaults:1 | Killed Asterion
 35662 | Vaults:1 | Reached skill level 1 in Summonings
 35740 | Vaults:1 | Reached skill level 1 in Spellcasting
 35753 | Vaults:1 | Reached skill level 1 in Conjurations
 35770 | Vaults:1 | Reached skill level 5 in Stealth
 35770 | Vaults:1 | Reached skill level 1 in Earth Magic
 35773 | Vaults:1 | Received a gift from Okawaru
 36103 | Vaults:1 | Mutation became permanent: Your flesh is heat resistant. (rF+) [demonic ancestry]
 36103 | Vaults:1 | Gained mutation: Your flesh is heat resistant. (rF+) [demonic ancestry]
 36103 | Vaults:1 | Reached XP level 18. HP: 103/142 MP: 25/25
 36292 | Vaults:1 | Noticed a tentacled monstrosity
 36298 | Vaults:1 | Killed a tentacled monstrosity
 36334 | Vaults:1 | Received a gift from Okawaru
 37123 | Vaults:2 | Got a smelly leather armour
 37135 | Vaults:2 | Identified the +2 leather armour "Kizacru" {Int+4} (You found it on level 2 of the Vaults)
 37330 | Vaults:2 | Received a gift from Okawaru
 37332 | Vaults:2 | Got a pair of heavily runed boots {god gift}
 37429 | Vaults:2 | Identified the +0 pair of boots of Starshine {rCorr} (Okawaru gifted it to you on level 2 of the Vaults)
 37510 | Vaults:2 | Reached skill level 5 in Conjurations
 37780 | Vaults:2 | Reached skill level 5 in Summonings
 37891 | Vaults:2 | Reached skill level 5 in Earth Magic
 38011 | Vaults:2 | Reached skill level 5 in Spellcasting
 38096 | Vaults:2 | Reached XP level 19. HP: 148/149 MP: 26/26
 38215 | Vaults:3 | Received a gift from Okawaru
 38259 | Vaults:3 | Found Kiecopn's Magic Scroll Boutique.
 38475 | Vaults:3 | Found Lual's Antique Weapon Emporium.
 38966 | Vaults:3 | Found a staircase to the Crypt.
 39192 | Vaults:3 | Noticed Jorgrun
 39229 | Vaults:3 | Killed Jorgrun
 39581 | Vaults:3 | Got a bloodstained chain mail
 39594 | Vaults:3 | Identified the +1 chain mail "Lodaif" {*Corrode +Fly rF++} (You found it on level 3 of the Vaults)
 39824 | Vaults:4 | Noticed a Brimstone Fiend
 39832 | Vaults:4 | Received a gift from Okawaru
 40147 | Vaults:4 | Reached XP level 20. HP: 146/157 MP: 30/30
 40173 | Vaults:4 | Received a gift from Okawaru
 40358 | Vaults:4 | Found Letsygok's Armour Boutique.
 41539 | Elf:1    | Entered Level 1 of the Elven Halls
 41745 | Elf:1    | Identified Limmig's Grimoire of Attacks
 41871 | Elf:1    | Found a flickering gateway to a bazaar.
 41879 | Bazaar   | Entered a bazaar
 41885 | Bazaar   | Found Heroq's Gadget Boutique.
 41892 | Bazaar   | Found Qamakk's General Store.
 41899 | Bazaar   | Found Oddel's Jewellery Shop.
 41908 | Bazaar   | Found Macs's Distillery.
 42804 | Elf:2    | Received a gift from Okawaru
 42941 | Elf:2    | Found a portal to a secret trove of treasure.
 44030 | Elf:2    | Found a large runed door.
 44030 | Elf:2    | Found a large runed door.
 44058 | Elf:2    | Found a large runed door.
 44058 | Elf:2    | Found a large runed door.
 44616 | Elf:3    | Entered Level 3 of the Elven Halls
 44673 | Elf:3    | Received a gift from Okawaru
 44707 | Elf:3    | Gained mutation: You regenerate a lot of health from kills. [demonic ancestry]
 44707 | Elf:3    | Reached XP level 21. HP: 21/165 MP: 33/33
 44818 | Elf:3    | Got a clouded amber ring
 44846 | Elf:3    | Got a twitching glass ring
 44889 | Elf:3    | Got a faintly glowing brass ring
 44894 | Elf:3    | Identified Jeblecoe's Disquisition on the Mutagenic Escort
 44917 | Elf:3    | Got a coiled platinum amulet
 44940 | Elf:3    | Identified the Incunabulum of Hexes and the Blaze
 45046 | Elf:3    | Found a deep blue altar of Sif Muna.
 45673 | Elf:3    | Reached skill level 10 in Conjurations
 45813 | Elf:3    | Identified the ring of Beauty {-Tele +Fly rF++ rC+ SInv} (You found it on level 3 of the Elven Halls)
 45815 | Elf:3    | Identified the ring "Hoenant" {*Contam *Slow rElec rN+ Int+10} (You found it on level 3 of the Elven Halls)
 45817 | Elf:3    | Identified the cursed ring "Yveraoc" {rN+ EV-2 Str+7} (You found it on level 3 of the Elven Halls)
 45820 | Elf:3    | Identified the amulet "Rob Xat" {Harm *Drain rPois Int+3} (You found it on level 3 of the Elven Halls)
 45834 | Elf:3    | Gained mutation: Your body sometimes deteriorates upon taking damage. [mutagenic glow]
 46842 | Elf:2    | You paid a toll of a +6 demon whip to enter a treasure trove
 46843 | Trove    | Entered a treasure trove
 47153 | Lair:3   | Upgraded the game from 0.21-a0-186-g02e8684 to 0.21-a0-193-g085b6a0
 47153 | Lair:3   | Upgraded the game from 0.21-a0-193-g085b6a0 to 0.21-a0-196-g6a663c0
 47199 | Shoals:1 | Entered Level 1 of the Shoals
 47378 | Shoals:1 | Reached skill level 10 in Summonings
 48146 | Shoals:2 | Received a gift from Okawaru
 48259 | Shoals:2 | Noticed Polyphemus
 48265 | Shoals:2 | Found Kyzonoi's Armour Emporium.
 48682 | Shoals:2 | Killed Polyphemus
 49657 | Shoals:3 | Got a polished ring mail
 49668 | Shoals:3 | Identified the +5 ring mail of Satisfaction {rC- MR+ Str+3 Int+3} (You found it on level 3 of the Shoals)
 49871 | Shoals:4 | Entered Level 4 of the Shoals
 50025 | Shoals:4 | Found Qaidim's Weapon Shoppe.
 50170 | Shoals:4 | Noticed Ilsuiw
 50189 | Shoals:4 | Killed Ilsuiw
 50192 | Shoals:4 | Reached skill level 10 in Spellcasting
 50346 | Shoals:4 | Found Gaiga's Gadget Boutique.
 50364 | Shoals:4 | Found Hubaniess's Jewellery Shop.
 50479 | Shoals:4 | Found Tuadgh's Food Shoppe.
 50507 | Shoals:4 | Gained mutation: You are completely covered in thin metallic scales. (AC +4, rElec) [demonic ancestry]
 50507 | Shoals:4 | Reached XP level 22. HP: 138/173 MP: 36/36
 50509 | Shoals:4 | Received a gift from Okawaru
 50527 | Shoals:4 | Got a barnacled rune of Zot
 51320 | Depths:1 | Entered Level 1 of the Depths
 51336 | Depths:1 | Reached skill level 10 in Earth Magic
 51348 | Depths:1 | Found a gateway to Hell.
 51658 | Depths:1 | Found a one-way gate to the infinite horrors of the Abyss.
 51937 | Depths:1 | Received a gift from Okawaru
 52053 | Depths:1 | Gained mutation: You are agile. (Dex +2) [mutagenic glow]
 52104 | Depths:1 | Got a tattered robe
 52115 | Depths:1 | Identified the +1 robe of Buzxeyzu {rCorr Slay+6} (You found it on level 1 of the Depths)
 52318 | Depths:1 | Found a gateway to a ziggurat.
 52320 | Depths:1 | Gained mutation: You are dopey. (Int -2) [a shining eye]
 52322 | Depths:1 | Paralysed by a floating eye for 4 turns
 52329 | Depths:1 | Gained mutation: Your body often deteriorates upon taking damage. [a shining eye]
 52575 | Depths:2 | Received a gift from Okawaru
 52659 | Depths:2 | Found the +4 arc blade {discharge, rElec}
 53084 | Depths:2 | Noticed Saint Roka
 53114 | Depths:2 | Killed Saint Roka
 53114 | Depths:2 | Received a gift from Okawaru
 54024 | Depths:3 | Gained mutation: You are immune to clouds of flame. [demonic ancestry]
 54024 | Depths:3 | Reached XP level 23. HP: 179/179 MP: 38/38
 54303 | Depths:3 | Found a one-way gate leading to the halls of Pandemonium.
 54308 | Depths:3 | Gained mutation: You are very dopey. (Int -4) [a neqoxec]
 55174 | Depths:3 | Received a gift from Okawaru
 55533 | Depths:4 | Found Nugaw's Weapon Shoppe.
 55572 | Depths:4 | Found Gupos's Antique Armour Emporium.
 56384 | Depths:4 | Found a runed door.
 56516 | Depths:4 | Received a gift from Okawaru
 56584 | Depths:4 | Noticed an ancient lich
 56594 | Depths:4 | Killed an ancient lich
 56608 | Depths:4 | Noticed an ancient lich
 56634 | Depths:4 | Killed an ancient lich
 56733 | Depths:5 | Entered Level 5 of the Depths
 56822 | Depths:5 | Noticed a caustic shrike
 56925 | Depths:5 | Received a gift from Okawaru
 56951 | Depths:5 | Noticed a caustic shrike
 56952 | Depths:5 | Noticed a caustic shrike
 56962 | Depths:5 | HP: 8/179 [caustic shrike (21)]
 56962 | Depths:5 | Slain by a yaktaur captain

Vault maps used:
D:1:      matt_arrival_los_fun, grunt_decor_clamped
D:3:      marbit_many_paths, uniq_jessica
D:4:      minmay_temple_entry_poolview, nicolae_ossuary_entry_catacombs,
          serial_shops, shop, nicolae_shop_overgrown_old_shop, first_bread,
          minmay_curled_crystal, kennysheep_nondescript, uniq_menkaure
D:5:      okawaru_trees_1, vehumet_altar_wand_db
D:6:      elyvilon_altar_4, fountainhead, minmay_misc_feat_plants,
          minmay_misc_feat_encased, roderic_three_in_a_row, uniq_grinder,
          uniq_duvessa
D:7:      grunt_dithmenos_shadows, lemuel_doored_altar, uniq_pikel, uniq_joseph
D:8:      grunt_qazlal_clouds, serial_shops, shop,
          hangedman_little_slice_of_home, hangedman_decor_lopped
D:9:      gammafunk_temple_overflow_pools, erik_lair_dragon, hiddenorc2_lemuel,
          nicolae_transmutations_shop
D:11:     minivault_1, hangedman_misty_isle
D:12:     lab_entry_generic, serial_shops, bzr_entry_islet, uniq_sonja,
          uniq_nergalle, uniq_urug, uniq_rupert
D:13:     david_vaults_1, fedhas_altar_2
D:14:     minmay_the_grid_triangle_9x9_recursive_2_mashed, serial_shops,
          nicolae_shop_temple_entry_statues_fountains, evilmike_ruin_ashenzari
D:15:     grunt_enter_depths_hoard, serial_park_tiny_2,
          yredelemnul_altar_generic
Temple:   nicolae_temple_figure_eight
Lair:1:   grunt_megastairs_3
Lair:2:   minmay_hedge_maze, minivault_23, grunt_megastairs_2
Lair:3:   spider_nest_entry_webs
Lair:4:   minmay_shoals_entry_centaurs, serial_bayou_shore_a, grunt_megastairs_1
Lair:5:   minmay_guarded_unrand_snakebite, slime_altar_1,
          grunt_forest_large_clearing_hut
Lair:6:   grunt_lair_end_beastmaster, bobbens_dragon_lair_wall, uniq_josephine
Shoals:1: abandoned_shop
Shoals:2: serial_shops, shop, uniq_polyphemus
Shoals:4: shoals_end_simple, shoals_ilsuiw_ice, serial_shops,
          nicolae_shop_statue_plus, nicolae_shop_temple_entry_statues_fountains,
          shop, shop, nicolae_shoals_circle_sea_wall
Spider:2: nicolae_spider_mines_1, guppyfry_spider_mini_2,
          hangedman_spider_tarantella_strand
Spider:3: nicolae_spider_nook, uniq_arachne, uniq_mara, uniq_agnes, uniq_nikola,
          uniq_aizul
Spider:4: guppyfry_spider_rune
Orc:1:    minmay_orc_barracks
Orc:2:    kennysheep_orc_mage_school, serial_shops, shop
Elf:1:    minmay_elf_arrival_circle, serial_shops, bzr_firewalk,
          minmay_elf_annihilation
Elf:2:    enter_trove_5
Elf:3:    minmay_elf_hall_quartered_circle, basic_altar
Vaults:1: v_alt_pattern_6, ontoclasm_vaults_idyll, v_misc_16,
          ontoclasm_vaults_claustrophobia, st_check, serial_ice_b,
          grunt_vaults_focal, uniq_asterion
Vaults:2: nicolae_vaults_theta, nicolae_vaults_hallways_thing, v_misc_30,
          nicolae_vaults_little_squares_3, vaults_dpeg_cross,
          vaults_room_corners, v_rooms_2, v_rooms_3, v_misc_9, v_misc_3,
          nicolae_vaults_little_ls, ontoclasm_vaults_misaligned
Vaults:3: minmay_crypt_entry_simple_walls, hangedman_vaults_nails, serial_ice_h,
          v_misc_28, v_misc_27, v_alt_pattern_2, v_misc_16,
          nicolae_vaults_alarming, nicolae_vaults_sealed_display,
          vaults_room_stairs_pillars, ontoclasm_vaults_gallery,
          ontoclasm_vaults_shuriken, serial_shops, shop_fountains,
          nicolae_shop_behind_doors, uniq_jorgrun
Vaults:4: hangedman_vaults_impose, nicolae_vaults_shelves_hall,
          nicolae_vaults_theta, vaults_room_boxed, nicolae_vaults_statue_guard,
          grunt_vaults_swirl, nicolae_vaults_angled_halls, v_rooms_6,
          nicolae_vaults_little_squares_2, v_misc_18, nicolae_vaults_asterisk,
          vaults_room_semicircle, serial_shops, nicolae_shop_trees
Depths:1: enter_ziggurat_d, grunt_metal_band, abyss_entry,
          hangedman_decor_points, kennysheep_inner_square,
          roderic_lattice_octagonal_star
Depths:2: minmay_shoctagon, hangedman_coc_ice_floe, kennysheep_big_empty_room,
          kennysheep_random_hallway, infiniplex_staircase_pool_1,
          uniq_saint_roka
Depths:3: minmay_outward_triangles, hangedman_abyss_entry_splay,
          minmay_misc_feat_x, rand_demon_pan_entry_7, grunt_hell_entry_dis_mu,
          infiniplex_staircase_zigzag_3, firewood_loft
Depths:4: evilmike_wizard_prison, roderic_roman_lattice,
          pf_hell_entry_tar_spiral, abyss_entry,
          minmay_staircase_windowed_large, minmay_shoptagon
Depths:5: grunt_zot_entry_hairpin, interstate_on_off, hell_entry,
          minmay_misc_feat_cross, basic_stair_grate_trap
Lab:      labyrinth_hidden_loot
Bazaar:   bazaar_jpeg_cross, bazaar_kb_twisted_cavern
Trove:    trove_misc_throne_room
Ossuary:  minmay_ossuary_gauntlet

Skill      XL: |  1  2  3  4  5  6  7  8  9 10 11 12 13 14 15 16 17 18 19 20 21 22 23 |
---------------+----------------------------------------------------------------------+-----
Axes           | 3 4 5 6 7 9 11 13 15 16 17 18 19 20 | 20.0
Dodging        | 4 5 7 8 9 10 11 12 13 | 13.3
Invocations    | 5 7 9 10 | 10.0
Armour         | 3 5 7 8 10 11 12 13 | 13.5
Fighting       | 5 6 7 9 10 11 12 13 14 | 14.5
Stealth        | 5 6 7 8 9 |  9.3
Summonings     | 2 5 7 9 10 12 13 | 13.6
Spellcasting   | 1 5 6 8 10 11 12 | 12.7
Conjurations   | 2 5 8 9 10 12 13 | 13.6
Earth Magic    | 1 5 7 8 9 11 12 | 12.7

Action                   |  1- 3 |  4- 6 |  7- 9 | 10-12 | 13-15 | 16-18 | 19-21 | 22-24 || total
-------------------------+-------+-------+-------+-------+-------+-------+-------+-------++-------
Melee: Hand axe          |   171 |   251 |    86 |       |       |       |       |       ||   508
       Headbutt          |       |    44 |    27 |    56 |   300 |   270 |   316 |   238 ||  1251
       Battleaxe         |       |       |   141 |   335 |   254 |   746 |  1296 |   848 ||  3620
       Kick              |       |       |       |    57 |   403 |   236 |       |       ||   696
       Staff             |       |       |       |     2 |       |       |       |       ||     2
       Whip              |       |       |       |       |   995 |   390 |       |       ||  1385
       Punch             |       |       |       |       |     2 |     2 |       |       ||     4
Invok: Heroism           |       |       |     4 |    26 |    12 |    10 |     7 |     2 ||    61
       Finesse           |       |       |       |     1 |       |     3 |     2 |       ||     6
 Abil: Evoke Flight      |       |       |       |       |       |       |     2 |     1 ||     3
Evoke: Wand              |       |       |       |       |     1 |     4 |     1 |     1 ||     7
  Use: Scroll            |     3 |     1 |     6 |    10 |    11 |    12 |    14 |     4 ||    61
       Potion            |       |     5 |     3 |     3 |       |     3 |     4 |       ||    18
 Stab: Sleeping          |    13 |    14 |    20 |    39 |    19 |    20 |    56 |    39 ||   220
       Distracted        |       |     1 |     1 |     4 |     2 |     7 |     9 |     5 ||    29
       Petrified         |       |       |       |       |     3 |       |     2 |       ||     5
       Petrifying        |       |       |       |       |     1 |       |     1 |       ||     2
       Held in net/web   |       |       |       |       |       |     2 |       |       ||     2
       Confused          |       |       |       |       |       |     1 |       |       ||     1
       Invisible         |       |       |       |       |       |       |     6 |       ||     6
  Eat: Bread ration      |     1 |       |       |       |       |       |       |       ||     1
       Chunk             |     2 |     4 |    15 |    40 |    39 |    27 |    41 |    22 ||   190
       Meat ration       |       |     1 |       |       |       |       |       |       ||     1
       Royal jelly       |       |       |       |       |     1 |       |       |       ||     1
       Fruit             |       |       |       |       |       |     1 |       |       ||     1
Armor: Robe              |    17 |    19 |    22 |       |       |       |       |       ||    58
       Skin              |       |    43 |       |     5 |       |       |       |       ||    48
       Ring mail         |       |       |       |    38 |       |       |       |       ||    38
       Troll leather arm |       |       |       |    14 |       |       |       |       ||    14
       Chain mail        |       |       |       |    12 |   566 |   403 |       |       ||   981
       Plate armour      |       |       |       |       |       |   156 |       |       ||   156
       Fire dragon scale |       |       |       |       |       |   112 |   456 |   281 ||   849
Dodge: Dodged            |   105 |   107 |   119 |   160 |   453 |   752 |  1070 |   653 ||  3419
